Map: Acolyte LE

Players

Caedence - Winner!

  • Race: Zerg Zerg
  • League: Gold
  • Spawn Location: 1:00

Metasapien

  • Race: Zerg Zerg
  • League: Platinum
  • Spawn Location: 7:00

VOD

Have the link to the VOD?

Description

Time

  • Played on: Sept. 24, 2017, 11:50 p.m.
  • Length: 10:29
Show
View Real Time Build Order
Export as new Build Order

Caedence Zerg - Winner!

Build Orders: Pool First 

Get SALT Encoding   

  12  0:02  Drone  
  13  0:13  Overlord  
  13  0:18  Drone  
  14  0:31  Drone x2  
  16  0:36  Drone  
  17  0:46  Spawning Pool  
  16  0:50  Drone  
  16  0:54  Extractor  
  16  1:02  Drone  
  17  1:21  Hatchery  
  17  1:23  Drone  
  17  1:32  Zergling x4  
  19  1:57  Drone  
  21  2:02  Overlord, Queen  
  22  2:25  Drone  
  22  2:26  Drone  
  23  2:46  Metabolic Boost  
  23  2:54  Drone x5, Queen  
  30  3:06  Drone x3  
  30  3:07  Baneling Nest  
  32  3:28  Drone x3  
  32  3:29  Drone  
  32  3:30  Overlord x2  
  36  3:44  Overlord x2  
  36  3:50  Lair  
  36  3:53  Zergling x2  
  36  3:54  Zergling x2  
  38  3:59  Drone x3  
  38  4:02  Extractor x2  
  40  4:08  Evolution Chamber  
  40  4:09  Evolution Chamber  
  36  4:17  Baneling  
  36  4:18  Baneling x2  
  36  4:19  Baneling  
  37  4:24  Drone x5  
  37  4:25  Drone x2  
  40  4:39  Zerg Melee Weapons Level 1  
  40  4:46  Drone x4  
  40  4:47  Zergling x6  
  47  4:59  Extractor  
  46  5:14  Zerg Ground Armor Level 1  
  46  5:17  Baneling x4, Hatchery  
  46  5:20  Zergling x12  
  46  5:21  Zergling x4  
  53  5:39  Overlord x2  
  53  5:44  Drone  
  53  5:45  Drone x3  
  54  6:07  Zergling x16  
  54  6:08  Zergling x2  
  58  6:19  Hydralisk Den  
  55  6:28  Baneling  
  55  6:29  Baneling x5  
  55  6:32  Centrifical Hooks  
  55  6:34  Drone x2  
  55  6:35  Drone x5  
  55  6:37  Baneling x2  
  55  6:38  Baneling x6  
  62  6:42  Zergling x4  
  64  6:50  Queen  
  64  6:51  Drone x5  
  71  6:54  Extractor  
  71  6:56  Extractor  
  71  7:00  Zerg Melee Weapons Level 2  
  69  7:03  Muscular Augments, Hydralisk  
  71  7:10  Zerg Ground Armor Level 2  
  71  7:21  Zergling x2  
  71  7:22  Zergling x12  
  72  7:41  Zergling x2  
  72  7:42  Zergling x14  
  72  7:51  Zergling x2  
  73  7:58  Zergling x2  
  73  7:59  Zergling x12  
  74  8:13  Zergling x2  
  74  8:14  Zergling x12  
  80  8:22  Drone x2  
  82  8:30  Hydralisk x3  
  82  8:32  Overlord x2  
  82  8:33  Overlord x3  
  78  8:53  Zergling x16  
  86  9:10  Infestation Pit  
  86  9:15  Drone x2  
  87  9:17  Zergling x14  
  87  9:19  Hatchery  
  87  9:20  Baneling  
  87  9:21  Baneling x15  
  93  9:29  Drone x4  
  97  9:35  Zergling x2  
  97  9:36  Zergling x8  
  89  9:59  Zergling x18  
Show
View Real Time Build Order
Export as new Build Order

Metasapien Zerg 

Build Orders: Hatch First 

Get SALT Encoding   

  12  0:01  Drone  
  13  0:13  Drone  
  14  0:16  Overlord  
  14  0:20  Extractor  
  13  0:24  Drone  
  14  0:29  Extractor  
  14  0:30  Drone  
  15  0:39  Drone  
  16  0:46  Drone  
  17  1:04  Drone  
  17  1:06  Hatchery  
  17  1:19  Spawning Pool  
  16  1:33  Overlord  
  16  1:34  Drone x2  
  18  1:49  Drone  
  19  2:04  Drone  
  19  2:06  Drone  
  21  2:13  Metabolic Boost  
  21  2:19  Drone  
  21  2:20  Queen  
  25  2:28  Hatchery  
  24  2:35  Zergling x2  
  24  2:39  Spine Crawler  
  24  2:41  Spine Crawler  
  22  2:45  Zergling x2  
  22  2:50  Drone  
  24  3:03  Zergling x2  
  25  3:10  Drone, Roach Warren  
  25  3:21  Queen  
  25  3:23  Zergling x2  
  28  3:30  Overlord  
  28  3:31  Overlord  
  28  3:35  Zergling x2  
  28  3:36  Zergling x2  
  30  3:45  Spine Crawler  
  29  3:52  Drone x2  
  31  3:56  Extractor  
  30  4:05  Roach x3  
  30  4:06  Roach x2  
  40  4:13  Drone  
  41  4:18  Drone x2  
  43  4:28  Drone  
  44  4:32  Drone x4  
  44  4:35  Extractor  
  41  4:38  Roach  
  43  4:48  Drone  
  43  4:49  Drone x2  
  46  4:57  Drone  
  46  4:58  Overlord  
  47  5:03  Lair  
  47  5:06  Roach  
  49  5:16  Spore Crawler  
  49  5:17  Drone x2  
  49  5:18  Drone x3  
  53  5:26  Drone x2  
  53  5:27  Drone  
  56  5:29  Overlord  
  56  5:37  Roach x2  
  56  5:39  Overlord  
  59  5:54  Ravager  
  60  5:58  Ravager  
  55  6:13  Roach x4  
  55  6:14  Roach  
  55  6:17  Drone x2  
  67  6:20  Drone x3  
  67  6:21  Extractor  
  67  6:22  Roach  
  67  6:25  Roach  
  73  6:29  Overlord  
  73  6:32  Queen  
  75  6:42  Overlord x2  
  75  6:43  Hatchery  
  74  6:48  Roach x3  
  74  6:49  Roach x2  
  84  7:01  Overlord  
  84  7:02  Roach x3  
  90  7:10  Ravager  
  90  7:12  Ravager  
  92  7:32  Roach x4  
  92  7:33  Drone x3, Roach  
  88  7:50  Hydralisk Den  
  87  7:52  Ravager  
  87  7:54  Roach  
  87  7:55  Zergling x12  
  96  8:03  Ravager  
  72  8:22  Glial Reconstitution  
  72  8:30  Evolution Chamber  
  72  8:31  Evolution Chamber  
  70  8:40  Drone x3  
  72  8:44  Roach x4  
  72  8:45  Roach x2  
  72  8:47  Extractor  
  67  8:48  Extractor  
  67  8:50  Hydralisk  
  63  9:02  Roach x5  
  71  9:07  Hydralisk  
  71  9:08  Spine Crawler  
  71  9:09  Zergling x2  
  73  9:10  Spine Crawler, Zergling x4  
  73  9:12  Spine Crawler  
  73  9:14  Drone x3  
  76  9:22  Drone  
  76  9:23  Drone  
  78  9:25  Drone  
  78  9:28  Drone x3  
  82  9:32  Roach  
  82  9:38  Hydralisk x2  
  60  9:54  Zergling x2  
  60  9:55  Zergling x20  
  52  10:09  Roach  
  52  10:10  Roach x2  
Tags
 
Add a new tag
Caveats
  • Supply blocks, unpowered buildings, or Contaminate may cause inaccurate times.
  • Supply counts are checked every 10 seconds.